Map: Lerilak Crest

Players

capac

  • Race: Terran Terran
  • League: Gold

GsiBerger - Winner!

  • Race: Zerg Zerg
  • League: Gold

VOD

Have the link to the VOD?

Description

Time

  • Played on: March 6, 2016, 3:27 p.m.
  • Length: 24:06
Show
View Real Time Build Order
Export as new Build Order

capac Terran 

Build Orders:  

Get SALT Encoding   

  12  0:01  SCV  
  13  0:16  Supply Depot  
  13  0:17  SCV  
  14  0:29  SCV  
  15  0:41  Barracks  
  15  0:42  SCV  
  16  0:52  Refinery  
  16  0:54  SCV  
  17  1:06  SCV  
  18  1:18  SCV  
  19  1:30  SCV  
  20  1:35  Reaper, Command Center  
  21  1:47  SCV  
  21  1:50  Supply Depot  
  22  1:59  Orbital Command  
  22  2:15  Barracks Tech Lab  
  22  2:16  Barracks  
  22  2:20  Bunker  
  22  2:26  SCV  
  23  2:35  Factory  
  23  2:37  Marine  
  23  2:43  SCV  
  25  2:46  Refinery  
  25  2:54  Orbital Command  
  25  3:15  SCV  
  26  3:23  SCV  
  26  3:27  Marine x2  
  27  3:31  Factory Tech Lab  
  27  3:33  Starport  
  29  3:35  Barracks  
  29  3:39  Supply Depot  
  29  3:44  Supply Depot, Marine  
  29  3:45  Marine  
  34  3:55  Siege Tank  
  34  4:00  SCV  
  34  4:02  Marine x2  
  37  4:12  SCV x2  
  39  4:24  SCV x2  
  39  4:27  Barracks Reactor x2  
  41  4:36  SCV  
  42  4:42  Marine  
  42  4:45  Siege Tank  
  46  4:51  Engineering Bay  
  46  4:54  Starport Reactor  
  46  4:56  Engineering Bay  
  46  5:00  Marine  
  46  5:01  SCV x2  
  46  5:04  Marine x3  
  46  5:05  Refinery, Marine  
  53  5:13  SCV x2  
  55  5:23  Missile Turret  
  55  5:26  Missile Turret  
  55  5:28  SCV  
  55  5:29  SCV  
  55  5:30  Missile Turret  
  55  5:32  Medivac  
  55  5:33  Medivac  
  55  5:34  Marine  
  62  5:41  Supply Depot x2  
  62  5:52  Marine x4, SCV x2  
  62  5:55  Siege Tank  
  71  6:00  Stimpack  
  71  6:04  SCV  
  71  6:05  Marine, SCV  
  71  6:07  Refinery  
  74  6:12  Marine  
  74  6:13  Marine x3  
  77  6:27  SCV x2  
  77  6:28  Siege Tank  
  82  6:39  SCV x2  
  84  6:40  Medivac x2  
  88  6:51  Supply Depot  
  88  6:53  Marine x4  
  88  6:54  Marine  
  92  6:59  Supply Depot  
  93  7:03  Supply Depot  
  93  7:04  Siege Tank  
  96  7:11  Terran Infantry Weapons Level 1  
  96  7:12  Terran Infantry Armor Level 1  
  96  7:16  Supply Depot  
  96  7:24  Supply Depot, Marine x2  
  96  7:25  Marine x3  
  101  7:41  Command Center  
  101  7:55  Supply Depot  
  101  8:04  Siege Tank  
  101  8:05  Marine x4  
  105  8:06  Marine  
  106  8:24  Marine  
  106  8:25  Marine x4  
  111  8:32  Barracks x2  
  111  8:36  Siege Tank  
  100  8:45  Liberator x2  
  97  8:57  Marine  
  97  8:58  Marine x4  
  97  9:00  Factory  
  108  9:11  Siege Tank  
  108  9:36  Marine x2  
  108  9:37  Marine x2  
  114  9:41  Barracks Reactor x2  
  114  9:43  Siege Tank  
  114  9:44  Armory  
  115  9:55  Liberator x2  
  115  10:04  Factory Tech Lab  
  115  10:13  Marine x3  
  115  10:14  Marine x2  
  126  10:22  Bunker, Siege Tank  
  126  10:24  Siege Tank  
  132  10:33  Orbital Command  
  132  10:41  Liberator  
  132  10:42  Liberator  
  128  10:50  SCV x2  
  128  10:56  Supply Depot  
  130  10:58  Missile Turret  
  130  10:59  Marine x2  
  130  11:00  Marine x6  
  130  11:01  Marine, Siege Tank  
  130  11:02  SCV  
  149  11:24  SCV x3  
  152  11:26  Marine x6  
  152  11:27  Marine x3  
  152  11:30  Terran Infantry Weapons Level 2  
  152  11:32  Terran Infantry Armor Level 2  
  161  11:36  SCV  
  162  11:43  Marine  
  162  11:44  Marine x5  
  168  11:53  Marine x3  
  171  12:00  Siege Tank x2  
  177  12:01  Marine  
  177  12:05  SCV x2  
  180  12:20  Starport  
  180  12:26  Supply Depot  
  180  12:35  SCV  
  181  12:37  Refinery x2  
  181  12:41  Missile Turret  
  181  12:43  Missile Turret  
  181  12:47  Medivac x2  
  181  12:48  SCV  
  181  12:49  Supply Depot  
  186  13:11  Starport Reactor  
  186  13:15  Barracks  
  186  13:17  Medivac x2  
  190  13:20  Marine x2  
  190  13:21  Marine x5  
  190  13:22  Marine  
  190  13:23  Starport  
  198  13:34  Command Center  
  193  14:06  Marine x3  
  193  14:07  Marine x6  
  197  14:15  Barracks Reactor  
  197  14:21  Starport Reactor  
  197  14:23  Terran Infantry Armor Level 3, Barracks, Terran Infantry Weapons Level 3  
  197  14:24  Marine x3  
  200  14:46  Supply Depot  
  200  14:48  Supply Depot  
  200  14:49  Orbital Command  
  198  17:01  Liberator x5  
  198  17:02  Liberator  
  123  17:33  Marine x3  
  123  17:34  Marine x4  
  123  17:35  Marine x4  
  134  17:44  Liberator  
  134  17:51  Marine x2  
  77  18:59  Marine x3  
  77  19:00  Marine x7  
  77  19:01  Marine  
  81  19:04  Liberator x2  
  81  19:05  Liberator x4  
  81  19:17  Marine x4  
  81  19:18  Marine x6  
  81  19:19  Marine  
  110  19:35  Marine x5  
  111  19:47  Liberator x4  
  123  20:31  Marine x6  
  123  20:32  Marine  
  122  21:30  Marine x3  
  122  21:31  Marine  
  110  23:32  Orbital Command  
Show
View Real Time Build Order
Export as new Build Order

GsiBerger Zerg - Winner!

Build Orders: Hatch First 

Get SALT Encoding   

  12  0:01  Drone  
  13  0:12  Overlord  
  13  0:17  Drone  
  14  0:30  Drone x2  
  16  0:40  Drone  
  17  0:54  Hatchery  
  17  0:55  Drone  
  17  0:59  Drone  
  18  1:04  Extractor  
  18  1:06  Drone  
  18  1:17  Spawning Pool  
  17  1:21  Drone  
  18  1:28  Drone  
  19  1:38  Overlord  
  19  2:03  Queen  
  19  2:05  Metabolic Boost  
  19  2:06  Queen  
  19  2:07  Zergling x2  
  19  2:08  Zergling x4  
  26  2:11  Drone  
  27  2:16  Drone  
  27  2:21  Drone  
  29  2:27  Drone  
  30  2:40  Queen  
  30  2:43  Drone x2  
  30  2:44  Drone  
  35  2:52  Overlord  
  35  3:11  Drone x4  
  39  3:19  Drone  
  39  3:20  Drone x5  
  44  3:40  Extractor x2  
  44  3:41  Lair  
  42  3:49  Extractor  
  41  3:59  Roach Warren  
  41  4:01  Drone x2  
  41  4:02  Drone  
  43  4:03  Drone  
  43  4:05  Overlord x3  
  44  4:11  Hatchery  
  42  4:17  Overlord x2  
  42  4:23  Queen  
  44  4:35  Spore Crawler  
  44  4:37  Evolution Chamber, Spore Crawler  
  44  4:38  Evolution Chamber  
  40  4:41  Roach  
  40  4:42  Roach x4  
  50  4:51  Drone x3  
  50  4:52  Drone x3  
  56  5:22  Zerg Missile Weapons Level 1, Zerg Ground Armor Level 1  
  56  5:24  Glial Reconstitution  
  56  5:25  Drone  
  56  5:26  Drone x7  
  64  5:36  Overseer  
  64  5:41  Overlord x2  
  64  5:42  Overlord  
  64  5:47  Drone x3  
  67  5:52  Drone x2  
  69  6:07  Drone  
  69  6:08  Drone x4  
  69  6:09  Drone  
  75  6:32  Overlord x2  
  75  6:37  Extractor, Drone x3  
  75  6:38  Extractor  
  75  6:39  Drone x3  
  79  6:40  Drone x4  
  79  6:41  Drone  
  79  6:43  Roach  
  79  6:44  Roach x4  
  79  6:47  Ravager x5, Overlord  
  97  6:48  Overlord x2  
  99  7:07  Roach  
  99  7:08  Roach x6  
  113  7:11  Overlord x3  
  113  7:12  Overlord  
  115  7:22  Roach  
  115  7:23  Roach x4  
  123  7:42  Zerg Ground Armor Level 2  
  123  7:43  Spire  
  122  7:44  Roach  
  122  7:45  Roach x9  
  122  7:48  Ravager  
  122  7:49  Ravager x5  
  147  8:11  Roach  
  147  8:12  Roach x9  
  167  8:18  Hatchery  
  166  8:30  Roach  
  166  8:31  Roach x4  
  166  8:33  Overlord x3  
  141  8:45  Roach  
  140  8:55  Drone  
  140  8:56  Drone x9  
  149  9:02  Spore Crawler  
  149  9:07  Zerg Melee Weapons Level 1  
  148  9:14  Infestation Pit  
  147  9:26  Mutalisk  
  147  9:27  Mutalisk x7  
  163  9:40  Drone  
  163  9:41  Queen, Drone x9  
  175  9:54  Hive  
  175  10:06  Extractor  
  174  10:08  Extractor  
  135  10:51  Hatchery  
  134  11:14  Ultralisk Cavern, Adrenal Glands  
  134  11:15  Zerg Melee Weapons Level 2  
  134  11:16  Zerg Ground Armor Level 3  
  133  11:38  Zergling x4  
  133  11:39  Zergling x26  
  148  12:14  Chitinous Plating  
  148  12:16  Ultralisk x6  
  148  12:17  Ultralisk x2  
  197  12:58  Ultralisk  
  197  13:00  Ravager x2  
  199  14:02  Hatchery  
  192  14:08  Infestor x3  
  192  14:09  Infestor  
  199  14:30  Zerg Melee Weapons Level 3  
  197  14:53  Pathogen Glands  
  197  15:18  Ravager x3  
  200  15:23  Spore Crawler  
  200  15:26  Spore Crawler x2  
  200  15:27  Spine Crawler  
  196  15:33  Spore Crawler x2  
  194  15:38  Spore Crawler  
  193  15:43  Spore Crawler x2  
  193  15:46  Spore Crawler  
  193  15:47  Spore Crawler  
  189  15:54  Spore Crawler  
  189  15:55  Spore Crawler  
  188  15:57  Zergling x14  
  188  15:58  Zergling x12  
  191  16:15  Pneumatized Carapace  
  191  16:49  Spore Crawler  
  157  17:17  Roach  
  157  17:19  Ultralisk x10  
  155  17:31  Zergling x16  
  155  17:32  Zergling x52  
  185  17:56  Corruptor  
  185  17:57  Corruptor x5  
  173  18:35  Corruptor x3  
  173  18:36  Corruptor x6  
  171  19:22  Zergling x16  
  171  19:23  Zergling x2  
  154  20:06  Hatchery  
  153  20:26  Hatchery  
  152  20:40  Extractor  
  152  20:41  Extractor  
  150  20:53  Corruptor  
  150  20:54  Viper x2  
  150  20:55  Viper x7  
  179  21:08  Spore Crawler  
  179  21:09  Spore Crawler  
  179  21:10  Spore Crawler  
  175  21:14  Spore Crawler  
  149  21:54  Hatchery  
  148  22:08  Zergling x18  
  156  22:34  Hatchery  
Tags
 
Add a new tag
Caveats
  • Supply blocks, unpowered buildings, or Contaminate may cause inaccurate times.
  • Supply counts are checked every 10 seconds.